 Dungeon Crawl Stone Soup version 0.30-b1-2-g02819fbbbe (webtiles) character file.

Game seed: 13113824270275866486

333 Arzdou the Covert (level 6, -8/35 HPs)
             Began as a Kobold Brigand on May 10, 2023.
             Mangled by a kobold
             ... wielding a +1 dagger of distortion
              (16 damage)
             ... on level 3 of the Dungeon.
             The game lasted 00:04:04 (2668 turns).

Arzdou the Covert (Kobold Brigand)                  Turns: 2668, Time: 00:04:05

Health: -8/35      AC:  4    Str:  8    XL:     6   Next: 83%
Magic:  6/6        EV: 14    Int: 13    God:
Gold:   163        SH:  0    Dex: 18    Spells: 5/5 levels left

rFire   . . .        s - +0 dagger (venom)
rCold   . . .        (no shield)
rNeg    . . .        b - +0 robe
rPois   .            (no helmet)
rElec   .            c - +0 cloak
rCorr   .            p - +0 pair of gloves
SInv    +            (no boots)
Will    .....        (no amulet)
Stlth   +++++        o - ring of see invisible
HPRegen 0.25/turn    (no ring)
MPRegen 0.10/turn

%: no passive effects
@: no status effects
A: small, no large weapons, nightstalker 3
a: no special abilities


You were on level 3 of the Dungeon.
You visited 1 branch of the dungeon, and saw 3 of its levels.

You collected 163 gold pieces.

Inventory:

Hand Weapons
 a - a +2 dagger
 s - a +0 dagger of venom (weapon)
Missiles
 d - 9 poisoned darts (quivered)
 e - 3 curare-tipped darts
Armour
 b - a +0 robe (worn)
 c - a +0 cloak (worn)
 p - a +0 pair of gloves (worn)
Jewellery
 o - a ring of see invisible (left hand)
Wands
 r - a wand of flame (11)
Scrolls
 f - 2 scrolls of enchant weapon {unknown}
 k - 2 scrolls of acquirement {unknown}
 l - 6 scrolls of identify {unknown}
 m - a scroll of immolation {unknown}
 n - 2 scrolls of enchant armour {unknown}
 q - 2 scrolls of teleportation {unknown}
 u - a scroll of blinking {unknown}
 v - a scroll of brand weapon {unknown}
Potions
 g - a potion of heal wounds
 h - a potion of might {unknown}
 i - a potion of lignification
 j - a potion of brilliance {unknown}
 t - a potion of ambrosia {unknown}


   Skills:
 - Level 2.2 Fighting
 + Level 6.4 Short Blades
 - Level 2.2 Throwing
 - Level 1.3 Dodging
 + Level 8.4 Stealth


You had 5 spell levels left.
You didn't know any spells.
Your spell library contained the following spells:

 Spells                   Type           Power      Damage    Failure   Level
 Slow                     Hex            0%         N/A       30%         1
 Summon Small Mammal      Summ           0%         N/A       30%         1
 Cigotuvi's Dreadful Rot  Necr/Pois/Air  0%         N/A       43%         2
 Call Canine Familiar     Summ           0%         N/A       67%         3
 Confusing Touch          Hex            0%         N/A       67%         3
 Summon Guardian Golem    Hex/Summ       0%         N/A       67%         3
 Vampiric Draining        Necr           0%         2d6       67%         3
 Dispel Undead            Necr           0%         3d6       97%         4
 Death Channel            Necr           0%         N/A       100%        6


Dungeon Overview and Level Annotations

Branches:
Dungeon (3/15)

Altars:
Ashenzari
Kikubaaqudgha
Lugonu

Shops:
D:1 =

Portals:
Abyss: D:3


Innate Abilities, Weirdness & Mutations

You are small and have problems with some larger weapons.
You are completely attuned to the shadows.


Message History

There is an open door here.
There is an open door here.
There is a stone staircase leading down here.
You now have 163 gold pieces (gained 7).
v - a scroll labelled ENOOTEF KE DIZXA You open the large door.
A kobold comes into view.
It is wielding a +2 rapier of distortion.
Found a corrupted altar of Lugonu.
There is a large open translucent door here.
The helpless kobold fails to defend itself.
You perforate the kobold like a sieve!!!
You kill the kobold!
The helpless kobold fails to defend itself.
You stick the kobold like a pincushion!!!
You kill the kobold!
The helpless kobold fails to defend itself.
You perforate the kobold like a sieve!!!
You kill the kobold! 2 kobolds come into view.
A kobold is wielding a +1 dagger of distortion.
Found a one-way gate to the infinite horrors of the Abyss.
The kobold shouts! x2
The kobold hits you but does no damage. Space warps around you.
The kobold barely misses you.
You hit the kobold.
The kobold is poisoned.
The kobold is moderately wounded.
You closely miss the kobold.
The kobold is moderately wounded.
The kobold hits you with a +1 dagger of distortion.
The kobold hits you but does no damage.
You hit the kobold but do no damage. The kobold hits you but does no damage.
Space warps horribly around you!
* * * LOW HITPOINT WARNING * * *
The kobold misses you.
Unknown command.
The kobold attacks as you move away!
The kobold hits you with a +1 dagger of distortion.
* * * LOW HITPOINT WARNING * * *
Space warps horribly around you!
You die...

§§_.§≈§....##########.##.........
≈.§.§.§§...#.......)).##......#..
≈≈.≈§.§....#.###########......#.#
..§§§.≈§...#.# ##.##.........
≈≈.§§≈§......# ##..####.#.....
§....§§.##.#.### ##....###.#.....
§≈.§≈§§§##.####§##§.§...'..#.....
.....§§§##...#§§§#§._)..'........
≈≈.§§.≈......#§K@§§§§)####.÷.....
≈...≈....###.#§K§##§§.# ##.>....
≈._.≈§≈......##§###...# ##.....
..............## #.## #####.
.#..##.#.########### ##
........<..........# ####
........#####...##.###########...
............'................#...
..........###...##...........#...


You could see 2 kobolds.

Vanquished Creatures
  Grinder (D:3)
  Ijyb (D:3)
  Terence (D:2)
  2 adders (D:2)
  A worm (D:3)
  A dart slug (D:1)
  4 orcs (D:3)
  6 bats
  7 endoplasms
  2 giant cockroaches (D:1)
  5 goblins
  4 hobgoblins
  A quokka (D:2)
  2 ball pythons (D:3)
  7 frilled lizards
  10 kobolds
  4 rats
59 creatures vanquished.

Notes
Turn   | Place    | Note
-------+----------+-------------------------------------------
     0 | D:1      | Arzdou the Kobold Brigand began the quest for the Orb.
     0 | D:1      | Reached XP level 1. HP: 12/12 MP: 1/1
    96 | D:1      | Found Abbehili's One-of-a-Kind Rings.
   119 | D:1      | Reached XP level 2. HP: 17/17 MP: 2/2
   557 | D:1      | Reached XP level 3. HP: 21/21 MP: 3/3
   661 | D:1      | Found a faded altar of an unknown god.
   709 | D:1      | Reached skill level 6 in Stealth
   916 | D:2      | Noticed Terence
   921 | D:2      | Killed Terence
   922 | D:2      | Reached XP level 4. HP: 26/26 MP: 4/4
  1586 | D:3      | Found a broken altar of Ashenzari.
  1863 | D:3      | Noticed Ijyb
  1883 | D:3      | Killed Ijyb
  1884 | D:3      | Reached skill level 5 in Short Blades
  1884 | D:3      | Reached skill level 7 in Stealth
  1884 | D:3      | Reached XP level 5. HP: 11/30 MP: 5/5
  2068 | D:3      | Found an ancient bone altar of Kikubaaqudgha.
  2241 | D:3      | Found a large runed translucent door.
  2242 | D:3      | Found a large runed translucent door.
  2314 | D:3      | Noticed Grinder
  2318 | D:3      | Killed Grinder
  2319 | D:3      | Reached skill level 8 in Stealth
  2319 | D:3      | Reached XP level 6. HP: 35/35 MP: 6/6
  2652 | D:3      | Found a corrupted altar of Lugonu.
  2663 | D:3      | Found a one-way gate to the infinite horrors of the Abyss.
  2668 | D:3      | Mangled by a kobold

Illustrated notes

Levels and vault maps discovered:
D:1:      eino_arrival_tree_alley, layout_loops_cross,
          shapermc_ecumenical_altar_venn, nicolae_shop_unique_rings,
          chequers_arboretum
D:2:      layout_rooms, kennysheep_potato, uniq_terence
D:3:      due_chaos_kobolds, layout_basic, mainiacjoe_overflow_large_starburst,
          nicolae_hexahallways, chequers_serial_rivers_small_b, uniq_grinder,
          uniq_ijyb

Skill      XL: |  1  2  3  4  5 |
---------------+----------------+-----
Short Blades   | 3 4 5 6 |  6.4
Stealth        | 6 7 8 |  8.4
Fighting       | |  2.2
Throwing       | |  2.2
Dodging        | |  1.3

Action                     |  1- 3 |  4- 6 || total
---------------------------+-------+-------++-------
  Melee: Dagger            |    56 |   124 ||   180
         Punch             |     1 |     1 ||     2
    Use: Potion            |       |     2 ||     2
   Stab: Sleeping          |    14 |    16 ||    30
 Armour: Robe              |     7 |    20 ||    27
         Skin              |       |     4 ||     4
  Dodge: Dodged            |    29 |    65 ||    94
